 Dungeon Crawl Stone Soup version 0.31-a0-187-gba352fbbf7 (webtiles) character file.

Game seed: 531058870681952580

2015 qw the Skirmisher (level 9, -2/51 HPs)
             Began as a Deep Elf Hunter on June 22, 2023.
             Killed from afar by a white imp (5 damage)
             ... with a puff of frost
             ... summoned by Eustachio
             ... on level 6 of the Dungeon.
             The game lasted 00:03:51 (6049 turns).

qw the Skirmisher (Deep Elf Hunter)                 Turns: 6049, Time: 00:03:51

Health: -2/51      AC:  9    Str: 16    XL:     9   Next: 2%
Magic:  11/11      EV: 14    Int: 15    God:
Gold:   371        SH:  5    Dex: 20    Spells: 8/8 levels left

rFire   . . .        Y - +0 shortbow
rCold   . . .        (shield currently unavailable)
rNeg    . . .        d - +0 ring mail
rPois   .            (no helmet)
rElec   .            (no cloak)
rCorr   .            (no gloves)
SInv    .            (no boots)
Will    .....        r - amulet of reflection
Stlth   +            i - +6 ring of strength
HPRegen 0.28/turn    q - +4 ring of protection
MPRegen 0.12/turn

%: reflection
@: no status effects
A: no striking features
a: no special abilities


You were on level 6 of the Dungeon.
You visited 1 branch of the dungeon, and saw 6 of its levels.

You collected 719 gold pieces.
You spent 348 gold pieces at shops.


   Skills:
 - Level 3.5 Fighting
 - Level 14.0 Ranged Weapons
 - Level 1.4 Armour
 + Level 5.3 Dodging
 - Level 1.2 Stealth


You had 8 spell levels left.
You didn't know any spells.
Your spell library was empty.

Inventory:

Hand Weapons
 Y - a +0 shortbow (weapon)
Armour
 d - a +0 ring mail (worn)
Jewellery
 c - a ring of flight
 i - a +6 ring of strength (left hand)
 q - a +4 ring of protection (right hand)
 r - an amulet of reflection (around neck)
Scrolls
 h - a scroll of identify
Potions
 a - a potion of mutation
 b - 2 potions of resistance
 e - a potion of might
 f - a potion of attraction {unknown}
 g - a potion of enlightenment {unknown}
 j - a potion of haste {unknown}
 k - a potion of cancellation
 l - 3 potions of curing
 p - a potion of magic {unknown}

Dungeon Overview and Level Annotations

Branches:
Dungeon (6/15)
 Temple: D:4-7

Altars:
Nemelex Xobeh
Sif Muna
Uskayaw
The Shining One

Shops:
D:3 !

Annotations:
D:2 1 runed translucent door, Crazy Yiuf
D:6 Eustachio


Message History

You feel sick. The phantom misses you.
Eustachio casts a spell.
The white imp barely misses you.
You shoot an arrow. The arrow hits the phantom.
The phantom is heavily damaged.
The crimson imp completely misses you.
Eustachio casts a spell.
Eustachio blinks!
The phantom hits you but does no damage.
You shoot an arrow.
The arrow hits the phantom but does no damage.
The phantom is heavily damaged.
You feel sick. The white imp misses you. The crimson imp barely misses you.
You shoot an arrow.
The arrow hits the phantom but does no damage.
The phantom is heavily damaged.
You feel sick.
You are no longer poisoned.
The phantom hits you.
The phantom blinks!
You blink.
Found 3 poisoned darts and an embroidered cloak.
Enter note:
Enter note: You shoot an arrow.
The arrow hits the phantom but does no damage.
The phantom is moderately damaged.
The phantom closely misses you.
Eustachio mumbles some strange words.
You shoot an arrow.
The arrow hits the phantom but does no damage.
The phantom is moderately damaged.
You block the phantom's attack.
You shoot an arrow. The arrow hits the phantom.
The phantom is severely damaged.
The phantom closely misses you.
You shoot an arrow. The arrow barely misses the phantom.
You shoot an arrow. The arrow hits the phantom!
You destroy the phantom!
The white imp gestures at you. The puff of frost hits you.
You die...

P........ PP.P....
...... ......# ..... #
......# . . ....####.#
##....# ..##. ..[.#....
¤#....## #... .........
.¤.#...###.##.##>...(...
...##.......#...........
¤¤.##......##...@.......
¤#.#.....#.##5.r........
...###...#..55..@.......
..## #).#.....%r...##...
#.# #..##......r#.# ..
#..# #...#........## .
.# #............ ..
.......$.###. ..
.#......<..#


You could see Eustachio, a crimson imp (summoned), a white imp (summoned), a
shadow imp (summoned), 2 quokkas and a rat (summoned).

Vanquished Creatures
  Grinder (D:5)
  Menkaure (D:4)
  A water moccasin (D:6)
  A sky beast (D:5)
  An ogre (D:6)
  5 phantoms
  Blork the orc (D:5)
  3 scorpions
  A bullfrog (D:6)
  2 water moccasin skeletons (D:6)
  2 howler monkeys (D:6)
  2 centaur zombies (D:6)
  A bullfrog zombie (D:6)
  A jelly (D:5)
  3 hounds
  An orc priest (D:5)
  4 iguanas
  Ijyb (D:5)
  An orc wizard (D:5)
  2 killer bee zombies (D:6)
  5 adders
  3 gnolls (D:5)
  A white imp (D:6)
  2 ufetubi
  2 worms
  A dart slug (D:3)
  5 orcs
  2 ball pythons
  A bat (D:1)
  4 endoplasms
  A giant cockroach (D:4)
  7 goblins
  12 hobgoblins
  15 jackals
  7 kobolds
  5 quokkas
  3 frilled lizards
  8 rats
119 creatures vanquished.

Notes
Turn   | Place    | Note
-------+----------+-------------------------------------------
     0 | D:1      | qw the Deep Elf Hunter began the quest for the Orb.
     0 | D:1      | Reached XP level 1. HP: 12/12 MP: 3/3
     0 | D:1      | 0 ||| qw: Version: 0.3-a-9-g12657ce
     0 | D:1      | 0 ||| qw: Game counter: 2047
     0 | D:1      | 0 ||| qw: Always use a shield: true
     0 | D:1      | 0 ||| qw: God list: Okawaru
     0 | D:1      | 0 ||| qw: Allow faded altars: false
     0 | D:1      | 0 ||| qw: Do Orc after D:15 true
     0 | D:1      | 0 ||| qw: Do second Lair branch before Depths: true
     0 | D:1      | 0 ||| qw: Lair rune preference: random
     0 | D:1      | 0 ||| qw: Plans: Normal
     0 | D:1      | 0 ||| PLANNING D:1-11
    53 | D:1      | Reached XP level 2. HP: 15/16 MP: 4/4
    85 | D:1      | Reached skill level 6 in Ranged Weapons
   521 | D:1      | Reached XP level 3. HP: 20/20 MP: 5/5
   811 | D:1      | 811 ||| UPGRADING to +6 ring of strength.
   812 | D:1      | 812 ||| READING 2 scrolls labelled LIGIAL EGIUPSUWK.
   813 | D:1      | 813 ||| READING scroll labelled MICWIFEATI.
   814 | D:1      | 814 ||| READING 2 scrolls labelled ZADWOI QUSEEH.
   815 | D:1      | 815 ||| READING scroll labelled ABRAUXZIEC.
   816 | D:1      | 816 ||| DROPPING scroll of revelation.
   817 | D:1      | 817 ||| DROPPING scroll of butterflies.
   980 | D:2      | Found a runed translucent door.
   981 | D:2      | Noticed Crazy Yiuf
  1017 | D:2      | Reached skill level 7 in Ranged Weapons
  1049 | D:2      | 1049 ||| FLEEEEING.
  1050 | D:2      | 1050 ||| FLEEEEING.
  1051 | D:2      | 1051 ||| FLEEEEING.
  1052 | D:2      | 1052 ||| FLEEEEING.
  1053 | D:2      | 1053 ||| FLEEEEING.
  1054 | D:2      | 1054 ||| STAIRDANCE
  1059 | D:1      | 1059 ||| UPGRADING to +0 ring mail.
  1069 | D:1      | 1069 ||| DROPPING +0 leather armour.
  1070 | D:1      | 1070 ||| READING scroll labelled ENIEPR CIWKYSM.
  1070 | D:1      | Identified a scroll of acquirement
  1070 | D:1      | 1070 ||| ACQUIRING 438 gold pieces
  1070 | D:1      | Acquired 438 gold pieces
  1072 | D:1      | 1072 ||| DRINKING 2 smoky orange potions.
  1196 | D:2      | Found a hide-covered altar of Uskayaw.
  1255 | D:2      | 1255 ||| DROPPING +2 sling of freezing.
  1311 | D:2      | Found a faded altar of an unknown god.
  1961 | D:2      | 1961 ||| Stepping randomly (stuck).
  2027 | D:3      | Reached XP level 4. HP: 23/25 MP: 6/6
  2070 | D:3      | Found Fahedam's Distillery.
  2079 | D:3      | 2079 ||| BUYING potion of cancellation (96 gold).
  2079 | D:3      | Bought a potion of cancellation for 96 gold pieces
  2079 | D:3      | 2079 ||| BUYING potion of curing (36 gold).
  2079 | D:3      | Bought a potion of curing for 36 gold pieces
  2079 | D:3      | 2079 ||| BUYING potion of curing (36 gold).
  2079 | D:3      | Bought a potion of curing for 36 gold pieces
  2079 | D:3      | 2079 ||| BUYING potion of heal wounds (60 gold).
  2079 | D:3      | Bought a potion of heal wounds for 60 gold pieces
  2079 | D:3      | 2079 ||| BUYING potion of resistance (120 gold).
  2079 | D:3      | Bought a potion of resistance for 120 gold pieces
  2527 | D:3      | 2527 ||| UPGRADING to amulet of reflection.
  2532 | D:3      | 2532 ||| UPGRADING to +4 ring of protection.
  2533 | D:3      | 2533 ||| READING scroll labelled GEGEMAE GYAMMA.
  2534 | D:3      | 2534 ||| READING scroll labelled ARHEIJ ZULY.
  2535 | D:3      | 2535 ||| READING scroll labelled KAETAEFUEKK.
  2540 | D:3      | 2540 ||| DRINKING 2 blue potions.
  2541 | D:3      | 2541 ||| READING 2 scrolls of identify.
  2541 | D:3      | 2541 ||| IDENTIFYING ruby potion
  2542 | D:3      | 2542 ||| DROPPING potion of brilliance.
  2625 | D:4      | Reached skill level 8 in Ranged Weapons
  2754 | D:4      | Noticed a phantom
  2756 | D:4      | Noticed a scorpion
  2766 | D:4      | Reached XP level 5. HP: 20/29 MP: 7/7
  2780 | D:4      | Found a sparkling altar of Nemelex Xobeh.
  2786 | D:4      | Killed a phantom
  2787 | D:4      | Reached skill level 9 in Ranged Weapons
  2789 | D:4      | Reached XP level 6. HP: 21/36 MP: 8/8
  2859 | D:4      | Found a glowing golden altar of the Shining One.
  3017 | D:4      | Reached skill level 3 in Dodging
  3313 | D:5      | Entered Level 5 of the Dungeon
  3379 | D:5      | Identified the +8 long sword of the Final Decision {freeze,
                  | rF+ Str+4 Dex+6}
  3460 | D:5      | Reached skill level 10 in Ranged Weapons
  3473 | D:5      | Found a shimmering blue altar of Sif Muna.
  3539 | D:5      | Reached XP level 7. HP: 38/40 MP: 9/9
  3621 | D:5      | Reached skill level 11 in Ranged Weapons
  3669 | D:5      | Noticed Ijyb
  3678 | D:5      | Killed Ijyb
  3858 | D:5      | Noticed Blork the orc
  3859 | D:5      | 3859 ||| FLEEEEING.
  3860 | D:5      | 3860 ||| FLEEEEING.
  3861 | D:5      | 3861 ||| FLEEEEING.
  3862 | D:5      | 3862 ||| FLEEEEING.
  3864 | D:5      | 3864 ||| FLEEEEING.
  3865 | D:5      | 3865 ||| FLEEEEING.
  3866 | D:5      | 3866 ||| FLEEEEING.
  3867 | D:5      | 3867 ||| FLEEEEING.
  3868 | D:5      | 3868 ||| FLEEEEING.
  3869 | D:5      | 3869 ||| FLEEEEING.
  3870 | D:5      | 3870 ||| FLEEEEING.
  3871 | D:5      | 3871 ||| FLEEEEING.
  3872 | D:5      | 3872 ||| FLEEEEING.
  3896 | D:5      | Killed Blork the orc
  3903 | D:5      | 3903 ||| FLEEEEING.
  3986 | D:5      | Noticed Menkaure
  3988 | D:5      | 3988 ||| FLEEEEING.
  3989 | D:5      | 3989 ||| FLEEEEING.
  3995 | D:5      | 3995 ||| FLEEEEING.
  3996 | D:5      | 3996 ||| STAIRDANCE
  4068 | D:5      | 4068 ||| STAIRDANCE
  4071 | D:4      | HP: 7/40 [??? (4)]
  4072 | D:4      | 4072 ||| DRINKING potion of heal wounds.
  4076 | D:4      | Killed Menkaure
  4205 | D:5      | Noticed Grinder
  4217 | D:5      | HP: 10/40 [Grinder (3)]
  4218 | D:5      | HP: 3/40 [Grinder (4)]
  4225 | D:5      | Killed Grinder
  4226 | D:5      | Reached skill level 12 in Ranged Weapons
  4226 | D:5      | Reached XP level 8. HP: 5/45 MP: 10/10
  4519 | D:5      | Reached skill level 1 in Armour
  4869 | D:5      | 4869 ||| READING 2 scrolls of identify.
  4869 | D:5      | 4869 ||| IDENTIFYING fuming ruby potion
  4894 | D:6      | Reached skill level 3 in Fighting
  4897 | D:6      | 4897 ||| STAIRDANCE
  4964 | D:6      | 4964 ||| STAIRDANCE
  4965 | D:6      | Noticed Eustachio
  4999 | D:6      | 4999 ||| STAIRDANCE
  5057 | D:6      | 5057 ||| STAIRDANCE
  5112 | D:6      | 5112 ||| STAIRDANCE
  5166 | D:6      | 5166 ||| STAIRDANCE
  5191 | D:6      | 5191 ||| STAIRDANCE
  5213 | D:6      | 5213 ||| STAIRDANCE
  5253 | D:6      | 5253 ||| STAIRDANCE
  5293 | D:6      | 5293 ||| STAIRDANCE
  5322 | D:6      | 5322 ||| STAIRDANCE
  5348 | D:6      | 5348 ||| STAIRDANCE
  5426 | D:6      | 5426 ||| STAIRDANCE
  5478 | D:6      | 5478 ||| STAIRDANCE
  5518 | D:6      | 5518 ||| STAIRDANCE
  5556 | D:6      | 5556 ||| STAIRDANCE
  5596 | D:6      | 5596 ||| STAIRDANCE
  5662 | D:6      | 5662 ||| STAIRDANCE
  5728 | D:6      | 5728 ||| STAIRDANCE
  5771 | D:6      | Reached skill level 13 in Ranged Weapons
  5776 | D:6      | 5776 ||| STAIRDANCE
  6014 | D:6      | Reached skill level 14 in Ranged Weapons
  6022 | D:6      | Reached XP level 9. HP: 41/51 MP: 11/11
  6022 | D:6      | 6022 ||| FLEEEEING.
  6038 | D:6      | HP: 11/51 [white imp[Eustachio] (3)]
  6041 | D:6      | HP: 5/51 [poisoned by Eustachio]
  6044 | D:6      | HP: 2/51 [phantom (2)]
  6049 | D:6      | Killed from afar by a white imp

Levels and vault maps discovered:
D:1:      lightli_arrival_chessboard, layout_basic
D:2:      layout_rooms, basic_altar, basic_ecumenical_altar,
          uniq_crazy_yiuf_cottage
D:3:      layout_basic, serial_shops, nicolae_shop_crystal
D:4:      layout_basic, mainiacjoe_overflow_small_starburst, lemuel_round_altar
D:5:      layout_loops_corners, nicolae_sif_muna_little_library, uniq_ijyb,
          uniq_grinder, uniq_menkaure, uniq_blork_the_orc
D:6:      layout_cave_pools, nzn_wu_jian_council_hall, serial_undead,
          serial_undead_b, serial_undead_d, serial_undead_e, serial_undead_a,
          uniq_eustachio

Skill      XL: |  1  2  3  4  5  6  7  8 |
---------------+-------------------------+-----
Ranged Weapons | 6 7 8 9 10 12 14 | 14.0
Fighting       | 2 3 |  3.5
Dodging        | 3 4 5 |  5.3
Armour         | 1 |  1.4
Stealth        | |  1.2

Action                     |  1- 3 |  4- 6 |  7- 9 || total
---------------------------+-------+-------+-------++-------
   Fire: Shortbow          |   134 |   150 |   283 ||   567
    Use: Scroll            |     5 |     4 |     1 ||    10
         Potion            |     1 |     1 |     1 ||     3
 Armour: Leather armour    |    15 |       |       ||    15
         Ring mail         |     1 |    24 |   229 ||   254
         Skin              |       |       |     4 ||     4
  Dodge: Dodged            |    26 |    35 |   392 ||   453
  Block: Other             |       |    18 |   113 ||   131

Table legend:
 A = Non-vault XP
 B = Vault XP
 C = Vault XP percentage of total XP
 D = Non-vault monster count
 E = Vault monster count
 F = Vault count percentage of total count
                 A         B        C        D         E       F
            +---------+---------+-------+---------+---------+-------
      Total |    1842 |    1138 |  38.2 |     106 |      13 |  10.9
            +---------+---------+-------+---------+---------+-------
        D:1 |      43 |       0 |   0.0 |      24 |       0 |   0.0
        D:2 |      47 |       0 |   0.0 |      19 |       0 |   0.0
        D:3 |      41 |       0 |   0.0 |      15 |       0 |   0.0
        D:4 |     344 |     172 |  33.3 |      16 |       1 |   5.9
        D:5 |     837 |     530 |  38.8 |      24 |       4 |  14.3
        D:6 |     530 |     436 |  45.1 |       8 |       8 |  50.0
            +---------+---------+-------+---------+---------+-------
